 Dungeon Crawl Stone Soup version 0.16.2-14-g7133f4a77c (webtiles) character file.

51 faibistes the Magician (level 3, -7/19 HPs)
             Began as a Deep Elf Wizard on Sept 14, 2021.
             Mangled by a gnoll
             ... wielding a +0 halberd
              (9 damage)
             ... on level 2 of the Dungeon.
             The game lasted 00:03:30 (1602 turns).

faibistes the Magician (Deep Elf Wizard)            Turns: 1602, Time: 00:03:30

Health: -7/19      AC:  2    Str:  4    XL:     3   Next: 57%
Magic:  14/14      EV: 15    Int: 23    God:
Gold:   62         SH:  0    Dex: 13    Spells: 5 memorised, 1 level left

rFire  . . .     SeeInvis .     f - -2 dagger (curse)
rCold  . . .     Clarity  .     a - +0 robe
rNeg   . . .     SustAb   .     (no shield)
rPois  +         Gourm    .     b - +0 hat
rElec  .         Spirit   .     (no cloak)
rCorr  .         Warding  .     (no gloves)
rMut   +         Stasis   .     (no boots)
MR     .....                    n - amulet of resist mutation
Stlth  ++........               k - ring of poison resistance
                                o - +2 ring of evasion

@: not resistant to hostile enchantments, unstealthy
A: no striking features
a: no special abilities


You were on level 2 of the Dungeon.
You were not hungry.

You visited 1 branch of the dungeon, and saw 2 of its levels.

You collected 62 gold pieces.

Inventory:

Hand weapons
 f - a cursed -2 dagger (weapon)
 i - a +0 halberd
Armour
 a - a +0 robe (worn)
 b - a +0 hat (worn)
Jewellery
 k - a ring of poison resistance (right hand)
 n - an amulet of resist mutation (around neck)
 o - a +2 ring of evasion (left hand)
Scrolls
 l - a scroll of identify {unknown}
 m - a scroll of magic mapping {unknown}
Potions
 e - 2 potions of brilliance {unknown}
 g - a potion of curing {unknown}
 h - a potion of restore abilities {unknown}
Books
 c - a book of Minor Magic

   Spells                             Type                      Level
   a - Magic Dart                     Conjuration                  1
   b - Blink                          Translocation                2
   c - Call Imp                       Summoning                    2
   d - Repel Missiles                 Charms/Air                   2
   e - Slow                           Hexes                        2
   f - Conjure Flame                  Conjuration/Fire             3
   g - Mephitic Cloud                 Conjuration/Poison/Air       3
Comestibles
 d - a bread ration
 j - a meat ration


   Skills:
 + Level 3.1 Dodging
 - Level 2.4 Stealth
 * Level 5.0 Spellcasting
 * Level 2.9 Conjurations
 - Level 1.1 Summonings
 - Level 1.1 Translocations


You had one spell level left.
You knew the following spells:

 Your Spells              Type           Power        Failure   Level  Hunger
a - Magic Dart            Conj           ###.         2%          1    None
b - Conjure Flame         Conj/Fire      ##......     17%         3    ##.....
c - Call Imp              Summ           ##......     12%         2    None
d - Blink                 Tloc           N/A          12%         2    None
e - Mephitic Cloud        Conj/Pois/Air  ##......     21%         3    ##.....


Dungeon Overview and Level Annotations

Branches:
Dungeon (2/15)

Altars:


Message History

Aim: a rat (severely wounded)
The magic dart hits the rat.
You kill the rat!
Casting: Magic Dart
Confirm with . or Enter, or press ? or * to list all spells.
You can't see any susceptible monsters within range! (Use Z to cast anyway.) Unknown command.
p - a chunk of flesh You start resting.
Magic restored.
There is a stone staircase leading down here.
You climb downwards.
A worm comes into view.
The gnoll hits you with a halberd!
All of the chunks of flesh in your inventory have rotted away.
There is a stone staircase leading up here.
The gnoll hits you!
* * * LOW HITPOINT WARNING * * *
The gnoll hits you with a halberd!
You die...

... ... ... #.#
#.# #######..
........# #####
#........#.......
#g@...# #.g.....#
#..#..###
w....... .##.#
.### #. ... .# #
... # ... ...


You could see a worm (wandering) and 2 gnolls.

Vanquished Creatures
  2 gnolls (D:1)
  A giant gecko (D:1)
  4 bats
  2 giant cockroaches (D:1)
  3 hobgoblins (D:1)
  2 giant newts
  5 goblins (D:1)
  5 kobolds (D:1)
  9 rats
33 creatures vanquished.

Notes
Turn   | Place    | Note
--------------------------------------------------------------
     0 | D:1      | faibistes, the Deep Elf Wizard, began the quest for the Orb.
     0 | D:1      | Reached XP level 1. HP: 10/10 MP: 6/6
   355 | D:1      | Reached XP level 2. HP: 10/15 MP: 1/10
   359 | D:1      | Learned a level 2 spell: Blink
   362 | D:1      | Learned a level 2 spell: Call Imp
   878 | D:1      | Reached XP level 3. HP: 19/19 MP: 6/13
   883 | D:1      | Learned a level 3 spell: Conjure Flame
   887 | D:1      | Learned a level 3 spell: Mephitic Cloud
  1509 | D:1      | Reached skill level 5 in Spellcasting
  1602 | D:2      | Mangled by a gnoll

Action                   || total
-------------------------++-------
Melee: Unarmed           ||     6
       Dagger            ||    12
 Cast: Magic Dart        ||    71
       Mephitic Cloud    ||     3
       Blink             ||     2
  Eat: Chunk             ||     2
